 Dungeon Crawl Stone Soup version 0.28-a0-863-g8cecda6153 (webtiles) character file.

Game seed: 16642733658453065886

515 vineage the Skirmisher (level 7, 47/61 HPs)
             Began as a Demonspawn Gladiator on Nov 19, 2021.
             Quit the game on level 3 of the Dungeon.
             The game lasted 00:05:42 (4942 turns).

vineage the Skirmisher (Demonspawn Gladiator)       Turns: 4942, Time: 00:05:42

Health: 47/61      AC:  5    Str: 17    XL:     7   Next: 0%
Magic:  7/7        EV: 12    Int:  9    God:
Gold:   970        SH:  0    Dex: 14    Spells: 6/6 levels left

rFire   . . .      SeeInvis .   p - +2 hand axe (flame)
rCold   . . .      Faith    .   (no shield)
rNeg    . . .      Spirit   .   b - +0 leather armour
rPois   .          Reflect  .   (helmet restricted)
rElec   .          Harm     .   (no cloak)
rCorr   .          Rampage  .   m - +0 pair of gloves
Will    .....                   (no boots)
Stlth   +.........              (no amulet)
HPRegen 0.20/turn               (no ring)
MPRegen 0.10/turn               (no ring)

@: no status effects
A: antennae 1, ignite blood 1, sharp scales 1, demonic magic 1
a: no special abilities


You were on level 3 of the Dungeon.
You visited 1 branch of the dungeon, and saw 3 of its levels.
You also visited: Sewer.

You collected 970 gold pieces.

Inventory:

Hand Weapons
 a - a +0 war axe
 h - a +0 vorpal flail
 p - a +2 hand axe of flaming (weapon)
 q - a +1 war axe of distortion
Missiles
 d - 3 throwing nets (quivered)
Armour
 b - a +0 leather armour (worn)
 c - a +0 helmet
 m - a +0 pair of gloves (worn)
Jewellery
 s - a ring of flight
Scrolls
 i - a scroll of fear
 o - 2 scrolls of amnesia {unknown}
 r - a scroll of magic mapping {unknown}
Potions
 e - 2 potions of mutation {unknown}
 f - a potion of attraction
 g - 2 potions of haste {unknown}
 j - a potion of heal wounds
 k - 3 potions of magic {unknown}
 l - a potion of invisibility {unknown}
 n - 2 potions of might {unknown}


   Skills:
 + Level 7.6 Fighting
 - Level 2.6 Axes
 - Level 1.7 Throwing
 - Level 2.6 Dodging


You had 6 spell levels left.
You didn't know any spells.
Your spell library contained the following spells:

 Spells                   Type           Power      Damage    Failure   Level
 Magic Dart               Conj           0%         1d3       45%         1
 Call Imp                 Summ           0%         N/A       58%         2
 Mephitic Cloud           Conj/Pois/Air  0%         N/A       83%         3
 Ozocubu's Armour         Ice            0%         N/A       83%         3
 Ozocubu's Refrigeration  Ice            0%         4d5       100%        7


Dungeon Overview and Level Annotations

Branches:
Dungeon (3/15)              Sewer (visited)

Altars:
Xom

Shops:
D:1 :


Innate Abilities, Weirdness & Mutations

You have a pair of small antennae on your head.
Your demonic aura sometimes causes spilled blood to erupt in flames.
You are partially covered in razor-sharp scales. (AC +1, Slay +1)
Spells you cast may paralyse adjacent enemies.


Message History

Found a helmet.
Found a pair of boots.
You see here a +0 helmet.
A phantom comes into view.
The phantom closely misses you.
You miss the phantom. The phantom hits you.
The phantom blinks!
You blink.
You hit the phantom. You burn the phantom.
The phantom is lightly damaged.
The phantom hits you.
The phantom blinks!
You blink.
The phantom hits you.
You closely miss the phantom.
The phantom is lightly damaged.
The phantom hits you.
You hit the phantom. You burn the phantom.
The phantom is lightly damaged.
The phantom barely misses you.
You miss the phantom.
The phantom is lightly damaged.
The phantom barely misses you.
You slash the phantom! You burn the phantom.
The phantom is heavily damaged.
The phantom misses you.
You barely miss the phantom.
The phantom is heavily damaged.
The phantom barely misses you. x2
You hit the phantom. You burn the phantom.
The phantom is severely damaged.
The phantom barely misses you.
You hit the phantom. You burn the phantom.
The phantom is almost destroyed.
The phantom hits you.
You slash the phantom! You burn the phantom.
You destroy the phantom!
You have reached level 7!
Your demonic ancestry asserts itself...
A pair of antennae grows on your head!
Your +0 helmet falls away!
You see here a +0 helmet.
Found a stone staircase leading down.
You see here a +0 pair of boots.
Are you sure you want to abandon this character and quit the game? (Confirm with "yes".)

#.........# <.. ......
#.........#
............###
#.........# ..........
#.........# ..........
#.........# .........
#.........# .........
...... #........ ######
#........ ######@......>
###########.............
.........##.............
.........#...#..........
.........#.##.##........
...........#.[.#........
...........#...#........
...........#.#.#........
.........#.##†##........


There were no monsters in sight!

Vanquished Creatures
  A phantom (D:3)
  A kobold brigand (Sewer)
  An orc wizard (D:3)
  Terence (D:3)
  Robin (D:3)
  4 gnolls (D:2)
  10 adders
  6 river rats
  4 worms
  3 dart slugs
  5 orcs (D:3)
  6 endoplasms
  2 giant cockroaches
  17 goblins
  5 hobgoblins
  2 quokkas
  10 ball pythons
  3 bats (D:1)
  4 frilled lizards
  19 kobolds
  22 rats
127 creatures vanquished.

Vanquished Creatures (others)
  2 fungi (D:2)
  2 plants (D:2)
4 creatures vanquished.

Grand Total: 131 creatures vanquished

Notes
Turn   | Place    | Note
-------+----------+-------------------------------------------
     0 | D:1      | vineage the Demonspawn Gladiator began the quest for the
                  | Orb.
     0 | D:1      | Reached XP level 1. HP: 16/16 MP: 1/1
   177 | D:1      | Found Sosus's Book Shoppe.
   366 | D:1      | Gained mutation: You are partially covered in razor-sharp
                  | scales. (AC +1, Slay +1) [demonic ancestry]
   366 | D:1      | Reached XP level 2. HP: 15/23 MP: 2/2
   655 | D:1      | Reached skill level 3 in Fighting
   756 | D:1      | Identified a scroll of acquirement
   756 | D:1      | Acquired 806 gold pieces
  1259 | D:2      | Gained mutation: Spells you cast may paralyse adjacent
                  | enemies. [demonic ancestry]
  1259 | D:2      | Reached XP level 3. HP: 29/29 MP: 3/3
  1299 | D:2      | Reached skill level 4 in Fighting
  1427 | D:2      | Gained mutation: Your demonic aura sometimes causes spilled
                  | blood to erupt in flames. [demonic ancestry]
  1427 | D:2      | Reached XP level 4. HP: 21/38 MP: 4/4
  1596 | D:2      | Found a shimmering altar of Xom.
  2022 | D:2      | Reached skill level 5 in Fighting
  2031 | D:2      | Found a faded altar of an unknown god.
  2061 | D:2      | Reached XP level 5. HP: 23/44 MP: 5/5
  2770 | D:3      | Noticed Robin
  2781 | D:3      | Killed Robin
  2877 | D:3      | Noticed Terence
  2897 | D:3      | Killed Terence
  2914 | D:3      | Reached skill level 6 in Fighting
  2929 | D:3      | Found a glowing drain.
  2938 | Sewer    | Entered a sewer
  3273 | Sewer    | Reached XP level 6. HP: 33/53 MP: 6/6
  3953 | Sewer    | Reached skill level 7 in Fighting
  4931 | D:3      | Gained mutation: You have a pair of small antennae on your
                  | head. [demonic ancestry]
  4931 | D:3      | Reached XP level 7. HP: 45/61 MP: 7/7
  4942 | D:3      | Quit the game

Illustrated notes

Levels and vault maps discovered:
D:1:      minmay_arrival_up_and_down, layout_loops_ring, serial_shops,
          nicolae_shop_crystal, minmay_misc_feat_rugged
D:2:      layout_loops_cross, basic_altar,
          shapermc_ecumenical_altar_mp_urbaneastern, minmay_split_cup_small
D:3:      layout_basic, gup_sewer_entry_bowl, minmay_distorted, uniq_robin,
          uniq_terence

Skill      XL: |  1  2  3  4  5  6 |
---------------+-------------------+-----
Fighting       | 3 4 5 6 7 |  7.6
Axes           | |  2.6
Throwing       | |  1.7
Dodging        | |  2.6

Action                   |  1- 3 |  4- 6 |  7- 9 || total
-------------------------+-------+-------+-------++-------
Melee: War axe           |    87 |    48 |       ||   135
       Flail             |       |   201 |       ||   201
       Hand axe          |       |    33 |       ||    33
  Use: Scroll            |     3 |     3 |       ||     6
       Potion            |       |     1 |       ||     1
 Stab: Sleeping          |     2 |       |       ||     2
Armor: Leather armour    |    33 |    88 |       ||   121
Dodge: Dodged            |    66 |   217 |       ||   283

Table legend: (Time is in decaauts)
 A = Elapsed time spent in this place.
 B = Non-inter-level travel time spent in this place.
 C = Inter-level travel time spent in this place.
 D = Time resting spent in this place.
 E = Time spent auto-exploring this place.
 F = Levels seen in this place.
 G = Mean time per level.
                   A        B        C        D        E       F      G
               +--------+--------+--------+--------+--------+-----+--------+
         Total |   5086 |   4998 |     88 |      0 |   4091 |   4 | 1271.5 |
       Dungeon |   3513 |   3425 |     88 |      0 |   2849 |   3 | 1171.0 |
         Sewer |   1573 |   1573 |      0 |      0 |   1241 |   1 | 1573.0 |
               +--------+--------+--------+--------+--------+-----+--------+

Top non-repeatable levels by time:
   Sewer: 1573 daAuts
     D:2: 1551 daAuts
     D:1: 1221 daAuts
     D:3: 740 daAuts
